 Dungeon Crawl Stone Soup version 0.31-a0-175-g9f7f995f2b (webtiles) character file.

Game seed: 3341472179034748971

670 qw the Skirmisher (level 7, -2/43 HPs)
             Began as a Gargoyle Hunter on June 16, 2023.
             Shot with an arrow by a centaur (11 damage)
             ... on level 6 of the Dungeon.
             The game lasted 00:01:52 (4405 turns).

qw the Skirmisher (Gargoyle Hunter)                 Turns: 4405, Time: 00:01:52

Health: -2/43      AC: 12    Str: 14    XL:     7   Next: 58%
Magic:  7/7        EV: 17    Int: 10    God:
Gold:   127        SH:  0    Dex: 15    Spells: 6/6 levels left

rFire   . . .        Y - +0 shortbow (flame)
rCold   . . .        (shield currently unavailable)
rNeg    + . .        i - +3 leather armour
rPois   inf          (no helmet)
rElec   +            (no cloak)
rCorr   .            (no gloves)
SInv    .            a - +0 pair of boots
Will    .....        (no amulet)
Stlth   ++           k - +5 ring of evasion
HPRegen 0.27/turn    (no ring)
MPRegen 0.10/turn

%: no passive effects
@: about to teleport
A: sickness immunity, AC +4, negative energy resistance 1, electricity
resistance, torment resistance 1, petrification resistance
a: no special abilities


You were on level 6 of the Dungeon.
You visited 2 branches of the dungeon, and saw 7 of its levels.

You collected 127 gold pieces.


Innate Abilities, Weirdness & Mutations

You are immune to sickness and miasma.
Your stone body is resilient. (AC +4)
You are immune to poison.
You resist negative energy. (rN+)
You are resistant to electric shocks. (rElec)
You are resistant to unholy torment.
You are immune to petrification.


   Skills:
 + Level 4.1 Fighting
 - Level 8.0 Ranged Weapons
 - Level 1.6 Armour
 - Level 2.0 Dodging
 - Level 1.1 Stealth


You had 6 spell levels left.
You didn't know any spells.
Your spell library was empty.

Inventory:

Hand Weapons
 Y - a +0 shortbow of flaming (weapon)
Armour
 a - a +0 pair of boots (worn)
 i - a +3 leather armour (worn)
Jewellery
 k - a +5 ring of evasion (left hand)
Scrolls
 h - 2 scrolls of identify
Potions
 b - a potion of mutation
 c - a potion of might {unknown}
 d - 2 potions of curing
 f - a potion of brilliance {unknown}
 g - 2 potions of lignification
 j - a potion of haste {unknown}
 l - a potion of heal wounds {unknown}
 m - a potion of invisibility {unknown}

Dungeon Overview and Level Annotations

Branches:
Dungeon (6/15)             Temple (1/1) D:4

Altars:
Ashenzari
Cheibriados
Elyvilon
Fedhas
Gozag
Hepliaklqana
Kikubaaqudgha
Makhleb
Nemelex Xobeh
Qazlal
Ru
Trog
Uskayaw
Vehumet
Wu Jian
Xom
Yredelemnul
Zin
The Shining One

Annotations:
D:3 2 transporters, qw's ghost, amateur GrHu


Message History

You shoot an arrow. The arrow hits the orc!
The arrow burns the orc.
You kill the orc!
The centaur wields a +0 orcbow.
The centaur shoots an arrow.
The arrow barely misses you.
The centaur shoots an arrow.
The arrow closely misses you. The gnoll misses you.
You shoot an arrow. The arrow hits the gnoll!
The arrow burns the gnoll.
The gnoll is almost dead.
The centaur shoots an arrow.
The arrow hits you! The gnoll misses you. x2
You shoot an arrow. The arrow hits the gnoll.
The arrow burns the gnoll.
You kill the gnoll!
The centaur shoots an arrow.
The arrow hits you.
The centaur shoots an arrow.
The arrow hits you. The gnoll closely misses you.
You shoot an arrow. The arrow hits the orc!
The arrow burns the orc.
You kill the orc!
The centaur shoots an arrow.
The arrow hits you but does no damage. The gnoll barely misses you.
You shoot an arrow. The arrow hits the orc.
The arrow burns the orc.
You kill the orc!
The centaur shoots an arrow.
The arrow hits you!
The centaur shoots an arrow.
The arrow completely misses you. The gnoll misses you.
You shoot an arrow.
The arrow hits the orc but does no damage.
The centaur shoots an arrow.
The arrow closely misses you. The gnoll barely misses you.
The orc hits you but does no damage.
You shoot an arrow. The arrow barely misses the orc.
The arrow hits the gnoll!
The arrow burns the gnoll.
The gnoll is almost dead.
The centaur shoots an arrow.
The arrow barely misses you.
The centaur shoots an arrow.
The arrow hits you but does no damage. The gnoll barely misses you.
The orc misses you.
You shoot an arrow. The arrow hits the orc.
The arrow burns the orc.
The orc is heavily wounded.
The centaur shoots an arrow.
The arrow hits you! The gnoll closely misses you. The orc barely misses you.
4405 ||| READING scroll of teleportation.
As you read the scroll of teleportation, it crumbles to dust.
You feel strangely unstable.
The centaur shoots an arrow.
The arrow closely misses you.
The centaur shoots an arrow.
The arrow hits you!
You die...

....#.....#.....#
....#.....#.....#
#...#.....#.....########
#...#######.............
#...##....#.............
#...##....#.............
..........'.............
..........#.............
#...############@.......
#...# #o)...... #...#
#g)....c. #...#
#).)..... #...#
#........ #####
#........ #........
.........


You could see a centaur, a gnoll and an orc.

Vanquished Creatures
  An ice beast (D:6)
  A gnoll sergeant (D:6)
  2 hounds
  2 jellies (D:5)
  3 iguanas
  11 gnolls
  11 adders
  A white imp (D:6)
  2 worms
  3 dart slugs
  11 orcs
  6 endoplasms
  3 giant cockroaches
  8 goblins
  3 hobgoblins
  6 jackals
  2 quokkas
  6 ball pythons
  2 bats
  2 frilled lizards
  8 kobolds
  3 rats
97 creatures vanquished.

Notes
Turn   | Place    | Note
-------+----------+-------------------------------------------
     0 | D:1      | qw the Gargoyle Hunter began the quest for the Orb.
     0 | D:1      | Reached XP level 1. HP: 12/12 MP: 1/1
     0 | D:1      | 0 ||| qw: Version: 0.2-a-29-g511e9b1
     0 | D:1      | 0 ||| qw: Game counter: 5820
     0 | D:1      | 0 ||| qw: Always use a shield: true
     0 | D:1      | 0 ||| qw: God list: Okawaru
     0 | D:1      | 0 ||| qw: Allow faded altars: false
     0 | D:1      | 0 ||| qw: Do Orc after D:15 true
     0 | D:1      | 0 ||| qw: Do second Lair branch before Depths: true
     0 | D:1      | 0 ||| qw: Lair rune preference: random
     0 | D:1      | 0 ||| qw: Plans: Normal, Zot:1-4, Slime:5, God:TSO, Crypt,
                  | Tomb, Abyss, Pan, Hells, Win
     0 | D:1      | 0 ||| PLANNING D:1-11
   263 | D:1      | Reached XP level 2. HP: 13/17 MP: 2/2
   810 | D:1      | 810 ||| UPGRADING to +0 ring mail.
   820 | D:1      | 820 ||| DROPPING +0 leather armour.
   821 | D:1      | 821 ||| READING scroll labelled JOHESCH XUCLARIC.
   822 | D:1      | 822 ||| READING scroll labelled NOEDUN DOUHUP.
   823 | D:1      | 823 ||| DRINKING 2 lumpy red potions.
   868 | D:1      | 868 ||| DROPPING scroll of butterflies.
   959 | D:2      | Reached skill level 1 in Armour
   959 | D:2      | Reached XP level 3. HP: 15/21 MP: 3/3
  1044 | D:2      | 1044 ||| FLEEEEING.
  1047 | D:2      | 1047 ||| FLEEEEING.
  1048 | D:2      | 1048 ||| FLEEEEING.
  1049 | D:2      | 1049 ||| FLEEEEING.
  1082 | D:2      | Reached skill level 5 in Ranged Weapons
  1125 | D:2      | Reached XP level 4. HP: 27/27 MP: 4/4
  1165 | D:2      | Reached skill level 3 in Fighting
  1176 | D:2      | Found a faded altar of an unknown god.
  1418 | D:2      | Found a sparkling altar of Nemelex Xobeh.
  1577 | D:2      | 1577 ||| UPGRADING to +0 pair of boots.
  1582 | D:2      | 1582 ||| READING scroll labelled DUEKHL NADAR.
  1583 | D:2      | 1583 ||| DRINKING 2 fuming green potions.
  1584 | D:2      | 1584 ||| DRINKING 2 purple potions.
  1585 | D:2      | 1585 ||| DROPPING potion of degeneration.
  1661 | D:3      | 1661 ||| FLEEEEING.
  1662 | D:3      | 1662 ||| FLEEEEING.
  1663 | D:3      | 1663 ||| FLEEEEING.
  1664 | D:3      | 1664 ||| FLEEEEING.
  1698 | D:3      | Found a transporter.
  1698 | D:3      | Noticed qw's ghost (amateur GrHu)
  1704 | D:3      | Found a transporter.
  1717 | D:3      | Found an ornate altar of the Wu Jian Council.
  1820 | D:3      | Found a basalt altar of Yredelemnul.
  1900 | D:3      | Reached XP level 5. HP: 32/32 MP: 5/5
  2381 | D:3      | 2381 ||| UPGRADING to +3 leather armour.
  2391 | D:3      | 2391 ||| DROPPING +0 ring mail.
  2392 | D:3      | 2392 ||| READING scroll labelled JAUCLYFINT.
  2393 | D:3      | 2393 ||| READING scroll labelled RUUTOI WEAHU.
  2394 | D:3      | 2394 ||| READING scroll labelled QOM QENAOPLUMM.
  2395 | D:3      | 2395 ||| READING scroll labelled HANTI EQIBEINU.
  2448 | D:4      | 2448 ||| Stepping ~*~*~tactically~*~*~ (outnumbered).
  2455 | D:4      | 2455 ||| FLEEEEING.
  2456 | D:4      | 2456 ||| FLEEEEING.
  2457 | D:4      | 2457 ||| FLEEEEING.
  2458 | D:4      | 2458 ||| FLEEEEING.
  2460 | D:4      | 2460 ||| FLEEEEING.
  2461 | D:4      | 2461 ||| FLEEEEING.
  2462 | D:4      | 2462 ||| FLEEEEING.
  2463 | D:4      | 2463 ||| FLEEEEING.
  2464 | D:4      | 2464 ||| FLEEEEING.
  2465 | D:4      | 2465 ||| FLEEEEING.
  2466 | D:4      | 2466 ||| FLEEEEING.
  2467 | D:4      | 2467 ||| FLEEEEING.
  2468 | D:4      | 2468 ||| FLEEEEING.
  2469 | D:4      | 2469 ||| FLEEEEING.
  2470 | D:4      | 2470 ||| FLEEEEING.
  2471 | D:4      | 2471 ||| FLEEEEING.
  2472 | D:4      | 2472 ||| FLEEEEING.
  2473 | D:4      | 2473 ||| FLEEEEING.
  2474 | D:4      | 2474 ||| FLEEEEING.
  2475 | D:4      | 2475 ||| FLEEEEING.
  2476 | D:4      | 2476 ||| FLEEEEING.
  2477 | D:4      | 2477 ||| STAIRDANCE
  2526 | D:3      | 2526 ||| READING scroll labelled VAUPSISEPS.
  2532 | D:4      | 2532 ||| STAIRDANCE
  2596 | D:4      | Reached skill level 6 in Ranged Weapons
  2706 | D:4      | Found a hide-covered altar of Uskayaw.
  2707 | D:4      | Noticed a +0 hand axe
  2707 | D:4      | Noticed a +0 dagger
  2879 | D:4      | Found a staircase to the Ecumenical Temple.
  2880 | D:4      | 2880 ||| PLANNING TEMPLE
  2885 | D:4      | Reached XP level 6. HP: 38/38 MP: 6/6
  2885 | D:4      | 2885 ||| READING scroll labelled FAFAV NIOROO.
  2925 | Temple   | Entered the Ecumenical Temple
  2926 | Temple   | Noticed Hiulo the pandemonium lord
  2926 | Temple   | Noticed Muvva the pandemonium lord
  2927 | Temple   | Noticed a red devil
  2951 | Temple   | Noticed an orange demon
  2956 | Temple   | Noticed Lonyilev the pandemonium lord
  2974 | Temple   | Noticed Wiwk the pandemonium lord
  2983 | Temple   | Noticed a tormentor
  2983 | Temple   | Noticed Mehujov the pandemonium lord
  2984 | Temple   | Noticed a soul eater
  3003 | Temple   | Noticed Arou the pandemonium lord
  3003 | Temple   | Noticed a Brimstone Fiend
  3027 | Temple   | 3027 ||| PLANNING D:1-11
  3242 | D:4      | Found a glowing golden altar of the Shining One.
  3245 | D:4      | Found an ancient bone altar of Kikubaaqudgha.
  3248 | D:4      | 3248 ||| READING scroll labelled TOH RARAURULI.
  3314 | D:4      | 3314 ||| Stepping ~*~*~tactically~*~*~ (outnumbered).
  3429 | D:4      | 3429 ||| READING scroll labelled HUPUNEOLOMEVO.
  3447 | D:5      | Entered Level 5 of the Dungeon
  3944 | D:5      | 3944 ||| STAIRDANCE
  3949 | D:4      | Reached skill level 7 in Ranged Weapons
  3961 | D:4      | 3961 ||| UPGRADING to +5 ring of evasion.
  3962 | D:4      | 3962 ||| READING 2 scrolls of identify.
  3962 | D:4      | 3962 ||| IDENTIFYING metallic pink potion
  4003 | D:5      | Found a stormy altar of Qazlal.
  4044 | D:5      | Found a radiant altar of Vehumet.
  4198 | D:5      | 4198 ||| Stepping ~*~*~tactically~*~*~ (outnumbered).
  4201 | D:5      | Reached XP level 7. HP: 43/43 MP: 7/7
  4286 | D:6      | 4286 ||| FLEEEEING.
  4287 | D:6      | 4287 ||| FLEEEEING.
  4288 | D:6      | 4288 ||| STAIRDANCE
  4397 | D:6      | Reached skill level 8 in Ranged Weapons
  4404 | D:6      | HP: 9/43 [centaur/arrow (10)]
  4405 | D:6      | 4405 ||| READING scroll of teleportation.
  4405 | D:6      | Shot with an arrow by a centaur

Levels and vault maps discovered:
D:1:      nicolae_arrival_somewhat_less_tricky_arrival, layout_loops_cross,
          dreamdust_mushroom_princess, moated_statue, nrook_uturn,
          minmay_misc_feat_rugged
D:2:      cheibrodos_helix_gallery, layout_basic, basic_altar,
          shapermc_ecumenical_altar_starsandcircs
D:3:      layout_basic, mainiacjoe_overflow_catwalk_spiral,
          gammafunk_ghost_arena
D:4:      layout_loops_ring, dancing_weapons_uskayaw, jmf_multi_god_temple,
          minmay_temple_entry_statues_fountains
D:5:      layout_loops_ring, mainiacjoe_overflow_two_lobes
D:6:      layout_gridville
Temple:   nicolae_temple_panitentiary

Skill      XL: |  1  2  3  4  5  6  7 |
---------------+----------------------+-----
Armour         | 1 |  1.6
Ranged Weapons | 5 6 7 8 |  8.0
Fighting       | 3 4 |  4.1
Dodging        | 2 |  2.0
Stealth        | |  1.1

Action                     |  1- 3 |  4- 6 |  7- 9 || total
---------------------------+-------+-------+-------++-------
   Fire: Shortbow          |    94 |   215 |    45 ||   354
    Use: Scroll            |     2 |    10 |     1 ||    13
         Potion            |     1 |     2 |       ||     3
 Armour: Leather armour    |     2 |    18 |     7 ||    27
         Ring mail         |    14 |    21 |       ||    35
  Dodge: Dodged            |    29 |    70 |    30 ||   129

Table legend:
 A = Non-vault XP
 B = Vault XP
 C = Vault XP percentage of total XP
 D = Non-vault monster count
 E = Vault monster count
 F = Vault count percentage of total count
                 A         B        C        D         E       F
            +---------+---------+-------+---------+---------+-------
      Total |     947 |      11 |   1.1 |      93 |       4 |   4.1
            +---------+---------+-------+---------+---------+-------
        D:1 |      19 |       0 |   0.0 |      12 |       0 |   0.0
        D:2 |     106 |       6 |   5.4 |      25 |       2 |   7.4
        D:3 |      62 |       0 |   0.0 |      15 |       0 |   0.0
        D:4 |     203 |       5 |   2.4 |      17 |       2 |  10.5
        D:5 |     257 |       0 |   0.0 |      14 |       0 |   0.0
        D:6 |     300 |       0 |   0.0 |      10 |       0 |   0.0
            +---------+---------+-------+---------+---------+-------
